 Dungeon Crawl Stone Soup version 0.26.1-11-gd32895ea62 (webtiles) character file.

Game seed: 3977796555019115521

114 Zeld the Skirmisher (level 4, -9/33 HPs)
             Began as an Octopode Fighter on May 11, 2021.
             Killed by nerve-wracking pain
             ... invoked by Grinder
              (12 damage)
             ... on level 3 of the Dungeon.
             The game lasted 00:01:41 (2670 turns).

Zeld the Skirmisher (Octopode Fighter)              Turns: 2670, Time: 00:01:42

Health: -9/33      AC:  1    Str: 16    XL:     4   Next: 98%
Magic:  4/4        EV: 11    Int: 10    God:
Gold:   124        SH:  9    Dex: 11    Spells: 3/3 levels left

rFire    . . .     SeeInvis .   a - +0 war axe
rCold    . . .     Faith    .   b - +0 kite shield
rNeg     . . .     Spirit   .   (helmet restricted)
rPois    .         Reflect  .   (no amulet)
rElec    .         Harm     .   (no ring)
rCorr    .         Rampage  .   (no ring)
Will     .....                  (no ring)
Stlth    +++.......             (no ring)
HPRegen  0.11/turn              (no ring)
MPRegen  0.09/turn              (no ring)
                                (no ring)
                                (no ring)

@: no status effects
A: almost no armour, stealthy swim, amphibious, 8 rings, constrict 8, camouflage
1, gelatinous body 1
a: no special abilities


You were on level 3 of the Dungeon.
You visited 1 branch of the dungeon, and saw 3 of its levels.

You collected 124 gold pieces.

Inventory:

Hand Weapons
 a - a +0 war axe (weapon)
Armour
 b - a +0 kite shield (worn)
Jewellery
 g - a +4 ring of evasion {unknown}
 n - a cursed ring of attention {unknown}
 q - an uncursed ring of magical power {unknown}
 t - an uncursed ring of poison resistance {unknown}
Scrolls
 f - 2 scrolls of random uselessness {unknown}
 h - a scroll of enchant armour {unknown}
 j - a scroll of magic mapping {unknown}
 l - 2 scrolls of remove curse {unknown}
 m - 2 scrolls of amnesia {unknown}
 o - a scroll of teleportation {unknown}
 r - a scroll of enchant weapon {unknown}
 s - a scroll of identify {unknown}
Potions
 c - a potion of might
 d - a potion of curing {unknown}
 e - a potion of heal wounds {unknown}
 i - a potion of flight {unknown}
 k - a potion of berserk rage {unknown}
 p - 2 potions of invisibility {unknown}


   Skills:
 * Level 4.0 Fighting
 * Level 3.2 Axes
 - Level 3.0 Dodging
 * Level 4.0 Shields


You had 3 spell levels left.
You didn't know any spells.
Your spell library was empty.

Dungeon Overview and Level Annotations

Branches:
Dungeon (3/15)

Altars:
Ru

Annotations:
D:3 Grinder


Innate Abilities, Weirdness & Mutations

You cannot wear most types of armour.
You are very stealthy in the water. (Stealth+)
You are amphibious.
You can wear up to eight rings at the same time.
You can use your tentacles to constrict eight enemies at once.
Your skin changes colour to match your surroundings (Stealth+).
Your rubbery body absorbs attacks. (AC +1, EV +1)


Message History

Grinder blinks!
Things that are here:
a +0 dagger; a +0 robe Grinder blinks!
Grinder closely misses you. Grinder gestures at you.
You barely resist. Grinder gestures at you.
You suddenly lose the ability to move!
Grinder gestures at you.
You barely resist. Grinder hits you!
* * * LOW HITPOINT WARNING * * *
Grinder hits you.
* * * LOW HITPOINT WARNING * * *
You can move again.
There is an open gate, spattered with blood here.
Grinder gestures at you. Pain shoots through your body!
You die...

##≈ ..... #≈≈ ..... ##≈≈ ....
#≈≈#########..#
##≈≈#..........#
#...'..........#
#...'..........#
#...'5..((..(..#
#.≈@#....).....#
#.≈≈#########..#
#.#≈≈≈..#...#..#
##########.#≈≈≈.)'...g..#
...........##≈≈..#...#####
.............≈≈..#####...#
########.####.≈≈.......)..#
.........####.≈≈≈.........####
#####.....##.#≈≈≈≈≈≈≈≈≈≈≈≈≈≈#


You could see Grinder.

Vanquished Creatures
  6 adders
  A worm (D:3)
  A dart slug (D:1)
  2 leopard geckos
  7 bats
  2 giant cockroaches (D:1)
  7 goblins
  8 hobgoblins
  7 jackals
  A quokka (D:3)
  A ball python (D:2)
  3 frilled lizards
  4 kobolds
  3 rats
53 creatures vanquished.

Notes
Turn   | Place    | Note
-------+----------+-------------------------------------------
     0 | D:1      | Zeld the Octopode Fighter began the quest for the Orb.
     0 | D:1      | Reached XP level 1. HP: 16/16 MP: 1/1
   132 | D:1      | Reached XP level 2. HP: 19/21 MP: 2/2
   570 | D:1      | Reached XP level 3. HP: 14/26 MP: 3/3
  1611 | D:2      | Reached XP level 4. HP: 26/32 MP: 4/4
  1852 | D:2      | Found a sacrificial altar of Ru.
  2326 | D:3      | Noticed Grinder
  2341 | D:3      | Paralysed by Grinder for 7 turns
  2665 | D:3      | Paralysed by Grinder for 5 turns
  2670 | D:3      | Killed from afar by Grinder

Illustrated notes

Levels and vault maps discovered:
D:1:      dpeg_arrival_fog, layout_loops_corners, minmay_misc_feat_tower,
          minmay_vboxes
D:2:      layout_loops_ring, nicolae_ru_great_annihilating_truth
D:3:      kennysheep_goblin_castle, layout_basic, zin_treasury,
          lemuel_crystal_altar, uniq_grinder

Skill      XL: |  1  2  3  4 |
---------------+-------------+-----
Axes           | 3 |  3.2
Fighting       | 4 |  4.0
Shields        | 4 |  4.0
Dodging        | |  3.0

Action                   |  1- 3 |  4- 6 || total
-------------------------+-------+-------++-------
Melee: War axe           |    52 |    34 ||    86
       Constrict         |    12 |    13 ||    25
       Tentacles         |     5 |     4 ||     9
 Stab: Sleeping          |     7 |     6 ||    13
       Paralysed         |       |     1 ||     1
Armor: Skin              |     6 |     1 ||     7
Dodge: Dodged            |    19 |    14 ||    33
Block: Kite shield       |    24 |    11 ||    35
